 Dungeon Crawl Stone Soup version 0.29.1-1-gd02db6906a (webtiles) character file.

Game seed: 13665358701658491898

42 Icepheonix32 the Changer (level 3, 0/39 HPs)
             Began as a Merfolk Transmuter on Sept 16, 2022.
             Slain by Robin
             ... wielding a +0 trident
              (2 damage)
             ... on level 2 of the Dungeon.
             The game lasted 00:03:48 (1886 turns).

Icepheonix32 the Changer (Merfolk Transmuter)       Turns: 1886, Time: 00:03:49

Health: 0/39       AC: 21    Str: 10    XL:     3   Next: 56%
Magic:  6/6        EV:  2    Int: 14    God:
Gold:   50         SH:  0    Dex: 20    Spells: 5/6 levels left

rFire   . . .      SeeInvis .     - Unarmed
rCold   . . .      Faith    .   (no shield)
rNeg    . . .      Spirit   .   (body armour currently unavailable)
rPois   +          Reflect  .   (helmet currently unavailable)
rElec   .          Harm     .   (cloak currently unavailable)
rCorr   .          Rampage  .   (gloves currently unavailable)
Will    .....      NoTele   +   (boots currently unavailable)
Stlth   ++........              (no amulet)
HPRegen 0.13/turn               c - ring of wizardry
MPRegen 0.10/turn               d - +6 ring of dexterity

@: tree-form
A: stationary, stasis, torment immunity, boosted hp, (nimble swimmer 2),
(mertail)
a: no special abilities


You were on level 2 of the Dungeon.
You were a tree.
You visited 1 branch of the dungeon, and saw 2 of its levels.

You collected 50 gold pieces.

Inventory:

Armour
 a - a +0 robe
 h - a +1 cloak (melded)
 m - a +1 robe of cold resistance (melded)
Jewellery
 c - a ring of wizardry (left branch)
 d - a +6 ring of dexterity (right branch)
Scrolls
 e - a scroll of brand weapon {unknown}
 g - a scroll of poison {unknown}
 i - a scroll of identify {unknown}
Potions
 f - a potion of might {unknown}
 j - a potion of degeneration {unknown}
 k - a potion of heal wounds {unknown}
 l - 2 potions of haste {unknown}


   Skills:
 + Level 1.1 Fighting
 * Level 3.2 Dodging
 + Level 1.0 Stealth
 + Level 3.7 Unarmed Combat
 + Level 2.1 Spellcasting
 * Level 3.8 Transmutations


You had 5 spell levels left.
You knew the following spells:

 Your Spells              Type           Power      Damage    Failure   Level
a - Beastly Appendage     Tmut           24%        N/A       1%          1

Your spell library contained the following spells:

 Spells                   Type           Power      Damage    Failure   Level
 Wereblood                Tmut           12%        N/A       3%          2
 Apportation              Tloc           2%         N/A       10%         1
 Spider Form              Tmut/Pois      6%         N/A       13%         3
 Ice Form                 Ice/Tmut       6%         N/A       38%         4
 Alistair's Intoxication  Tmut/Pois      4%         N/A       71%         5


Dungeon Overview and Level Annotations

Branches:
Dungeon (2/15)

Altars:

Annotations:
D:2 Robin


Innate Abilities, Weirdness & Mutations

You are a tree.
Your roots penetrate the ground, keeping you stationary.
You cannot be teleported.
You are immune to unholy pain and torment.
Your maximum health is greatly increased.
Your equipment is partially melded.
((You are very nimble when in or above water. (Stealth+, EV+, Speed+++)))
((Your lower body shifts to a powerful aquatic tail in water.))


Message History

Robin roars a battlecry!
You hear a shout!
Robin hits you but does no damage.
A goblin comes into view. It is wielding a +0 dagger.
Robin roars a battlecry!
The goblin goes into a battle-frenzy!
The goblin shouts!
You hear a shout!
Robin hits you but does no damage.
A goblin comes into view. It is wielding a +0 dagger.
Robin hits you but does no damage. Robin throws the goblin at you!
A quokka comes into view.
You smack the goblin!
You kill the goblin!
Robin hits you from afar with a +0 trident.
* * * LOW HITPOINT WARNING * * *
Unknown command.
Robin roars a battlecry!
The goblin goes into a battle-frenzy!
Robin throws the goblin at you!
You hit the goblin.
The goblin is severely wounded.
The goblin hits you but does no damage.
Robin hits you from afar with a +0 trident.
* * * LOW HITPOINT WARNING * * *
You closely miss the goblin.
The goblin is severely wounded.
The goblin hits you but does no damage. Robin hits you but does no damage.
The quokka bites you.
* * * LOW HITPOINT WARNING * * *
Unknown command.
You hit the goblin.
You kill the goblin!
Robin hits you but does no damage.
The quokka bites you but does no damage.
Unknown command.
You smack the quokka!
You kill the quokka!
Robin hits you from afar with a +0 trident.
You die...

####### .......
.......
.......######
.......g†♣).# #
..)..<.g###.####...
.#.
.......)..........>
#.#
$.......###.###..#.
#># ###.###B# #.#
...# ###.# #. #.#
#.# ..#..##.... #
#.# #.# ..#
#....#.. ..#
#.##.## ##...#..
#.# #.....#
+....#..


You could see Robin and a goblin (strong).

Vanquished Creatures
  5 endoplasms
  2 giant cockroaches
  8 goblins
  6 hobgoblins
  A quokka (D:2)
  5 ball pythons
  3 bats
  A frilled lizard (D:1)
  3 kobolds
  3 rats
37 creatures vanquished.

Notes
Turn   | Place    | Note
-------+----------+-------------------------------------------
     0 | D:1      | Icepheonix32 the Merfolk Transmuter began the quest for the
                  | Orb.
     0 | D:1      | Reached XP level 1. HP: 15/15 MP: 3/3
   388 | D:1      | Found a faded altar of an unknown god.
   523 | D:1      | Reached XP level 2. HP: 12/21 MP: 3/5
  1626 | D:2      | Reached XP level 3. HP: 25/26 MP: 4/6
  1756 | D:2      | Reached skill level 1 in Stealth
  1845 | D:2      | Noticed Robin
  1884 | D:2      | HP: 1/39 [quokka (1)]
  1886 | D:2      | Slain by Robin

Illustrated notes

Levels and vault maps discovered:
D:1:      nicolae_arrival_somewhat_less_tricky_arrival, layout_loops_corners,
          ebering_ecumenical_altar_abandoned, serial_rivers,
          chequers_serial_rivers_room_b, chequers_serial_rivers_room_b,
          chequers_serial_rivers_small_3, chequers_serial_rivers_large_a,
          chequers_serial_rivers_micro_e
D:2:      kennysheep_big_flooded_room, layout_loops_ring, basic_altar,
          minmay_fractal_squares_gapless_5, uniq_robin, uniq_terence,
          uniq_crazy_yiuf_cottage

Skill      XL: |  1  2  3 |
---------------+----------+-----
Transmutations | 3 |  3.8
Dodging        | 3 |  3.2
Stealth        | 1 |  1.0
Fighting       | |  1.1
Unarmed Combat | |  3.7
Spellcasting   | |  2.1

Action                   || total
-------------------------++-------
Melee: Unarmed           ||    90
       Tailslap          ||     3
       Headbutt          ||     9
       Punch             ||     1
 Cast: Beastly Appendage ||    21
  Use: Potion            ||     1
 Stab: Sleeping          ||     2
Armor: Robe              ||    15
       Skin              ||    26
Dodge: Dodged            ||    70
